 Dungeon Crawl Stone Soup version 0.29-a0-337-g68df138881 (webtiles) character file.

Game seed: 7221094617293144296

12376 Dauddaud the Severer (level 11, -3/135 HPs)
             Began as a Minotaur Berserker on Apr 17, 2022.
             Was a High Priest of Trog.
             Slain by an ice devil (13 damage)
             ... in an ice cave.
             The game lasted 00:34:22 (16094 turns).

Dauddaud the Severer (Minotaur Berserker)          Turns: 16094, Time: 00:34:22

Health: -3/135     AC: 14    Str: 33    XL:     11   Next: 61%
Magic:  0/10       EV: 10    Int:  4    God:    Trog [*****.]
Gold:   749        SH:  0    Dex:  9    Spells: 10/10 levels left

rFire   . . .      SeeInvis .   b - +0 battleaxe
rCold   . . .      Faith    .   (shield currently unavailable)
rNeg    . . .      Spirit   +   o - +0 plate armour
rPois   .          Reflect  .   (helmet restricted)
rElec   .          Harm     .   (no cloak)
rCorr   .          Rampage  .   (no gloves)
Will    .....                   D - +1 pair of boots
Stlth   ..........              F - amulet of guardian spirit
HPRegen 0.32/turn               r - +4 ring of evasion
MPRegen 0.12/turn               c - +6 ring of strength

@: berserking, constricted, very quick
A: horns 2, retaliatory headbutt
a: Renounce Religion, Berserk, Trog's Hand, Brothers in Arms


You were in an ice cave.
You worshipped Trog.
Trog was extremely pleased with you.
You visited 2 branches of the dungeon, and saw 12 of its levels.
You also visited: Ice Cave.

You collected 749 gold pieces.

Inventory:

Hand Weapons
 a - a +0 hand axe
 b - a +0 battleaxe (weapon)
 e - a +5 hand axe
 C - a +0 vorpal executioner's axe
Armour
 o - a +0 plate armour (worn)
 D - a +1 pair of boots (worn)
Jewellery
 c - a +6 ring of strength (right hand)
 r - a +4 ring of evasion (left hand)
 u - a ring of flight
 F - an amulet of guardian spirit (around neck)
 L - a ring of protection from cold
Wands
 v - a wand of polymorph (9)
 B - a wand of mindburst (17)
Scrolls
 d - a scroll of enchant armour
 f - 3 scrolls of enchant weapon
 g - 2 scrolls of torment
 i - 6 scrolls of teleportation
 n - 2 scrolls of fog
 p - 2 scrolls of magic mapping
 s - 3 scrolls of noise
 t - a scroll of identify
 w - a scroll of vulnerability
 y - a scroll of blinking
 z - 4 scrolls of immolation
 J - 2 scrolls of fear
 K - 2 scrolls of amnesia
Potions
 h - a potion of degeneration {unknown}
 j - 3 potions of might {unknown}
 k - 4 potions of heal wounds
 l - a potion of flight {unknown}
 m - 7 potions of curing
 q - 2 potions of cancellation {unknown}
 x - 3 potions of brilliance {unknown}
 A - a potion of resistance
 E - a potion of magic {unknown}
 G - a potion of lignification {unknown}
 H - a potion of berserk rage {unknown}
 I - 2 potions of mutation {unknown}


   Skills:
 * Level 6.3 Fighting
 - Level 20.0 Axes
 * Level 5.6 Armour
 + Level 3.8 Dodging
 + Level 2.4 Evocations


You had 10 spell levels left.
You didn't know any spells.
Your spell library was empty.

Dungeon Overview and Level Annotations

Branches:
Dungeon (11/15)            Temple (1/1) D:4            Lair (0/6) D:9
    Orc (0/2) D:9           IceCv (1/1)

Altars:
Ashenzari
Elyvilon
Hepliaklqana
Makhleb
Okawaru
Qazlal
Sif Muna
Vehumet
Xom

Shops:
D:2 [

Annotations:
D:3 nataq's ghost, amateur DsFi
D:6 1 runed translucent door


Innate Abilities, Weirdness & Mutations

You have a pair of horns on your head.
You reflexively headbutt those who attack you in melee.


Message History

You slam the door shut with a bang!
You are no longer berserk.
You are exhausted.
You feel yourself slow down.
You start resting.
You feel yourself speed up.
You start resting.
An ice devil opens the door.
An ice devil is nearby!
You fail to use your ability.
Okay, then.
Blink to where?
Press: ? - help, Dir - move target An anaconda simulacrum comes into view.
As you read the scroll of blinking, it crumbles to dust.
You recover from your berserk rage.
It was a potion of curing.
You feel better.
It was a potion of heal wounds.
You feel much better.
The anaconda simulacrum completely misses you.
The anaconda simulacrum bites you! The anaconda simulacrum freezes you!!
The anaconda simulacrum grabs you.
The anaconda simulacrum bites you but does no damage.
The anaconda simulacrum constricts you.
A red film seems to cover your vision as you go berserk!
You feel yourself moving faster!
You feel mighty! The anaconda simulacrum bites you!
* * * LOW HITPOINT WARNING * * *
The anaconda simulacrum freezes you!!
* * * LOW HITPOINT WARNING * * *
The anaconda simulacrum constricts you.
The ice devil hits you but does no damage.
The anaconda simulacrum bites you but does no damage.
The anaconda simulacrum constricts you.
* * * LOW HITPOINT WARNING * * *
You hit the ice devil but do no damage. You slice the anaconda simulacrum!!
A harpy simulacrum comes into view.
The ice devil hits you.
* * * LOW HITPOINT WARNING * * *
The ice devil freezes you!
You die...

## ### .. ###.. #'#
#.... #.# ####...
#+#+#.#+#Z## #⌠.#...
#...@Z....'. +)4#...
#.8.848.8.########...
#.....4........#.....
+..............'.....
#..............#.....
#.8.8.8.8.########...
#.........'.# #...
#+#+#.#+#'### .#... #
#.# ##...


You could see 2 ice devils, an anaconda simulacrum and a harpy simulacrum.

Vanquished Creatures
  A two-headed ogre (D:9)
  The ghost of GordonOverkill the Archer, a novice DEHu of Ashenzari (D:6)
  2 ice statues (IceCv)
  Maggie (D:7)
  An entropy weaver simulacrum (IceCv)
  3 ice devils (IceCv)
  An anaconda simulacrum (IceCv)
  A komodo dragon (D:10)
  3 trolls
  Grinder (D:4)
  Sigmund (D:3)
  A shadow (D:10)
  15 yaks
  A wyvern (D:10)
  2 steam dragons
  Menkaure (D:7)
  Duvessa (D:5)
  A water moccasin (D:6)
  A sky beast (D:7)
  4 orc warriors
  An ogre (D:4)
  5 ice beasts
  3 centaurs
  3 wolves (D:9)
  A phantom (D:5)
  3 kobold brigands
  3 bullfrogs
  A two-headed ogre simulacrum (IceCv)
  2 necrophages
  4 scorpions
  A cane toad simulacrum (IceCv)
  2 gnoll sergeants
  A water moccasin skeleton (D:3)
  4 wights (D:9)
  Dowan (D:5)
  5 killer bees (D:10)
  4 howler monkeys
  3 jellies
  6 hounds
  11 orc priests
  A bullfrog zombie (D:3)
  4 gnoll shamans
  A bullfrog skeleton (D:3)
  6 iguanas
  10 orc wizards
  2 troll simulacra (IceCv)
  26 gnolls
  10 adders
  A naga simulacrum (IceCv)
  A shadow imp (D:6)
  A white imp (D:4)
  2 worms
  5 dart slugs
  45 orcs
  9 ball pythons
  5 endoplasms
  3 giant cockroaches
  8 goblins
  5 hobgoblins
  8 jackals
  19 kobolds
  3 quokkas
  5 bats
  3 frilled lizards
  2 rats
292 creatures vanquished.

Vanquished Creatures (others)
  A bullfrog (D:6)
  An orc wizard (D:8)
2 creatures vanquished.

Grand Total: 294 creatures vanquished

Notes
Turn   | Place    | Note
-------+----------+-------------------------------------------
     0 | D:1      | Dauddaud the Minotaur Berserker began the quest for the
                  | Orb.
     0 | D:1      | Reached XP level 1. HP: 19/19 MP: 0/0
   198 | D:1      | Reached skill level 4 in Axes
   346 | D:1      | Reached XP level 2. HP: 26/26 MP: 1/1
   434 | D:1      | Found a faded altar of an unknown god.
   885 | D:2      | Reached skill level 5 in Axes
  1151 | D:2      | Reached XP level 3. HP: 31/31 MP: 2/2
  1256 | D:2      | Found Kashreag's Armour Shoppe.
  1313 | D:2      | Found a shimmering altar of Xom.
  1335 | D:2      | Reached ** piety under Trog
  1619 | D:3      | Noticed Sigmund
  1629 | D:3      | Killed Sigmund
  1630 | D:3      | Reached skill level 7 in Axes
  1630 | D:3      | Reached XP level 4. HP: 18/39 MP: 3/3
  1630 | D:3      | Reached XP level 5. HP: 21/45 MP: 4/4
  1911 | D:3      | Reached skill level 8 in Axes
  1957 | D:3      | Found a transporter.
  2014 | D:3      | Found a transporter.
  2017 | D:3      | Noticed nataq's ghost (amateur DsFi)
  2167 | D:3      | Reached XP level 6. HP: 50/51 MP: 5/5
  2707 | D:4      | Reached skill level 9 in Axes
  2979 | D:4      | Reached XP level 7. HP: 49/57 MP: 6/6
  3140 | D:4      | Found a staircase to the Ecumenical Temple.
  3425 | D:4      | Noticed Grinder
  3427 | D:4      | Paralysed by Grinder for 4 turns
  3436 | D:4      | Paralysed by Grinder for 6 turns
  3456 | D:4      | Paralysed by Grinder for 2 turns
  3459 | D:4      | Killed Grinder
  3460 | D:4      | Reached skill level 10 in Axes
  3955 | D:4      | Found a hazy altar of Hepliaklqana.
  4152 | Temple   | Entered the Ecumenical Temple
  4182 | D:5      | Entered Level 5 of the Dungeon
  4189 | D:5      | Reached skill level 11 in Axes
  4197 | D:5      | Reached *** piety under Trog
  4203 | D:5      | Noticed Duvessa
  4213 | D:5      | Killed Duvessa
  4214 | D:5      | Reached XP level 8. HP: 49/64 MP: 7/7
  4225 | D:5      | Noticed Dowan
  4236 | D:5      | Killed Dowan
  4419 | D:5      | Reached skill level 12 in Axes
  5283 | D:5      | Reached skill level 13 in Axes
  6101 | D:6      | Found a runed translucent door.
  6105 | D:6      | Noticed GordonOverkill's ghost (novice DEHu)
  6262 | D:6      | Reached skill level 14 in Axes
  6466 | D:6      | Reached XP level 9. HP: 40/70 MP: 8/8
  6800 | D:6      | Found a runed translucent door.
  6885 | D:6      | Found a white marble altar of Elyvilon.
  6939 | D:6      | Found a shimmering altar of Xom.
  6947 | D:6      | Found a stormy altar of Qazlal.
  7166 | D:6      | Killed GordonOverkill's ghost
  7167 | D:6      | Reached skill level 15 in Axes
  7564 | D:7      | Reached **** piety under Trog
  7727 | D:7      | Noticed a troll
  7734 | D:7      | Killed a troll
  7735 | D:7      | Reached skill level 16 in Axes
  8565 | D:7      | Noticed Menkaure
  8569 | D:7      | Noticed Maggie
  8571 | D:7      | Killed Menkaure
  8584 | D:7      | Killed Maggie
  8613 | D:7      | Noticed a troll
  8784 | D:7      | Reached skill level 17 in Axes
  8784 | D:7      | Reached XP level 10. HP: 40/77 MP: 5/9
 10359 | D:8      | Reached skill level 18 in Axes
 10819 | D:8      | Found a shimmering blue altar of Sif Muna.
 10944 | D:9      | Found a broken altar of Ashenzari.
 11095 | D:9      | Found a staircase to the Lair.
 11326 | D:9      | Reached skill level 19 in Axes
 11672 | D:9      | Noticed a two-headed ogre
 11695 | D:9      | Killed a two-headed ogre
 12322 | D:9      | Reached XP level 11. HP: 57/82 MP: 4/10
 12623 | D:9      | Reached ***** piety under Trog
 12892 | D:9      | Reached skill level 20 in Axes
 13086 | D:9      | Found a radiant altar of Vehumet.
 13112 | D:9      | Found a staircase to the Orcish Mines.
 13617 | D:10     | Entered Level 10 of the Dungeon
 14043 | D:10     | Found a burning altar of Makhleb.
 14044 | D:10     | Found an iron altar of Okawaru.
 14095 | D:10     | Reached skill level 1 in Evocations
 14172 | D:10     | Received a gift from Trog
 14464 | D:10     | Reached skill level 5 in Fighting
 15006 | D:11     | Found a frozen archway.
 15025 | IceCv    | Entered an ice cave
 15362 | IceCv    | Reached skill level 5 in Armour
 16094 | IceCv    | Slain by an ice devil

Illustrated notes

Levels and vault maps discovered:
D:1:      dpeg_arrival_solitude, layout_loops_ring,
          hellmonk_ecumenical_altar_lost_god
D:2:      layout_loops_cross, basic_altar, serial_shops,
          nicolae_shop_advertising_works [nicolae_subvault_shop_adworks]
D:3:      layout_basic, gammafunk_ghost_mausoleum, uniq_sigmund
D:4:      layout_cave_pods, marbit_many_paths, minmay_temple_entry_waves,
          minmay_bent, uniq_grinder
D:5:      layout_basic, minivault_5, kennysheep_cluttered_room,
          hangedman_decor_riveting, uniq_duvessa
D:6:      layout_cave_pools, elyvilon_altar_4, mainiacjoe_overflow_big_doors,
          ebering_ghost_sewer_f
D:7:      layout_basic, uniq_menkaure, uniq_maggie
D:8:      layout_cave_pools, led_sif_pool
D:9:      layout_stronghold, mainiacjoe_overflow_tiny_flanked,
          mainiacjoe_overflow_catwalk, erik_lair_island, hiddenorc2_lemuel,
          chequers_serial_rivers_micro_c, kennysheep_generic_room_13
D:10:     layout_loops_cross, mainiacjoe_overflow_divided_tiny
D:11:     layout_loops_ring, portal_ice_cave_entry_pillars_2
Temple:   nicolae_temple_figure_eight
IceCv:    ice_cave_tombish

Skill      XL: |  1  2  3  4  5  6  7  8  9 10 11 |
---------------+----------------------------------+-----
Axes           | 4 5 7 8 9 11 14 17 19 20 | 20.0
Fighting       | 6 |  6.3
Armour         | 5 |  5.6
Evocations     | 2 |  2.4
Dodging        | 3 |  3.8

Action                   |  1- 3 |  4- 6 |  7- 9 | 10-12 || total
-------------------------+-------+-------+-------+-------++-------
Melee: Hand axe          |    91 |    73 |   339 |   108 ||   611
       Headbutt          |    12 |    12 |    69 |    70 ||   163
       Punch             |       |     1 |     9 |     1 ||    11
       Unarmed           |       |       |     7 |       ||     7
       Battleaxe         |       |       |       |   302 ||   302
Invok: Berserk           |     1 |     1 |     3 |     9 ||    14
Evoke: Wand              |       |       |       |     5 ||     5
  Use: Scroll            |       |       |     5 |     9 ||    14
       Potion            |       |       |       |     2 ||     2
Armor: Ring mail         |    12 |       |       |       ||    12
       Leather armour    |     2 |       |       |       ||     2
       Animal skin       |     1 |       |       |       ||     1
       Scale mail        |    30 |     5 |       |       ||    35
       Plate armour      |       |    34 |   139 |   197 ||   370
       Skin              |       |       |     6 |       ||     6
Dodge: Dodged            |    49 |    22 |    97 |   110 ||   278

Table legend: (Time is in decaauts)
 A = Elapsed time spent in this place.
 B = Non-inter-level travel time spent in this place.
 C = Inter-level travel time spent in this place.
 D = Time resting spent in this place.
 E = Time spent auto-exploring this place.
 F = Levels seen in this place.
 G = Mean time per level.
                   A        B        C        D        E       F      G
               +--------+--------+--------+--------+--------+-----+--------+
         Total |  15983 |  15417 |    566 |   6256 |   7192 |  13 | 1229.5 |
       Dungeon |  14904 |  14338 |    566 |   5312 |   7157 |  11 | 1354.9 |
        Temple |      1 |      1 |      0 |      0 |      0 |   1 |    1.0 |
      Ice Cave |   1077 |   1077 |      0 |    944 |     35 |   1 | 1077.0 |
               +--------+--------+--------+--------+--------+-----+--------+

Top non-repeatable levels by time:
     D:7: 2782 daAuts
     D:9: 2407 daAuts
     D:4: 1723 daAuts
     D:5: 1617 daAuts
     D:6: 1328 daAuts
    D:10: 1300 daAuts
     D:3: 1257 daAuts
   IceCv: 1077 daAuts
     D:8: 905 daAuts
     D:1: 796 daAuts
     D:2: 703 daAuts
    D:11: 83 daAuts
  Temple: 1 daAuts
